 Dungeon Crawl Stone Soup version 0.22.1-1-ga44c0e56f4 (webtiles) character file.

129 Chidaruma the Chopper (level 4, -3/34 HPs)
             Began as a Demonspawn Gladiator on Oct 30, 2018.
             Killed by divine providence
             ... invoked by an orc priest
              (15 damage)
             ... on level 4 of the Dungeon.
             The game lasted 00:05:33 (2977 turns).

Chidaruma the Chopper (Demonspawn Gladiator)        Turns: 2977, Time: 00:05:36

Health: -3/34      AC:  5    Str: 14    XL:     4   Next: 88%
Magic:  4/4        EV: 12    Int: 11    God:
Gold:   133        SH:  0    Dex: 14    Spells: 3/3 levels left

rFire    . . .     SeeInvis .   a - +0 war axe
rCold    . . .     Gourm    .   (no shield)
rNeg     . . .     Faith    .   b - +0 leather armour
rPois    .         Spirit   .   s - +2 hat
rElec    .         Reflect  .   (no cloak)
rCorr    .         Harm     .   (no gloves)
MR       .....                  (no boots)
Stlth    +.........             (no amulet)
HPRegen  0.11/turn              (no ring)
MPRegen  0.09/turn              (no ring)

@: heavily drained
A: claws 1, powered by pain 1, rot immunity
a: no special abilities


You were on level 4 of the Dungeon.
You were not hungry.

You visited 1 branch of the dungeon, and saw 4 of its levels.

You collected 133 gold pieces.

Inventory:

Hand Weapons
 a - a +0 war axe (weapon)
Missiles
 d - 3 throwing nets (quivered)
Armour
 b - a +0 leather armour (worn)
 c - a +0 helmet
 s - a +2 hat (worn)
Jewellery
 g - an uncursed ring of magical power {unknown}
Wands
 y - a wand of digging (22)
 C - a wand of acid (9)
Scrolls
 j - 2 scrolls of fear {unknown}
 k - 2 scrolls of blinking {unknown}
 l - 3 scrolls of identify {unknown}
 m - a scroll of immolation {unknown}
 n - 5 scrolls of remove curse {unknown}
 t - a scroll of magic mapping {unknown}
 u - 2 scrolls of enchant armour {unknown}
 v - a scroll of enchant weapon {unknown}
 x - a scroll of random uselessness {unknown}
 A - a scroll of amnesia {unknown}
 B - 2 scrolls of noise {unknown}
Potions
 e - 2 potions of curing
 h - a potion of cancellation {unknown}
 i - a potion of haste
 o - a potion of resistance {unknown}
 p - a potion of heal wounds {unknown}
 q - a potion of ambrosia {unknown}
 r - a potion of experience {unknown}
 w - a potion of magic {unknown}
Comestibles
 f - 9 rations
 z - a chunk of flesh


   Skills:
 + Level 2.6(1.4) Fighting
 + Level 4.0(2.8) Axes
 + Level 1.9(0.8) Throwing
 + Level 1.1(0.0) Armour
 + Level 3.2(2.0) Dodging
 + Level 0.9(0.0) Stealth


You had 3 spell levels left.
You didn't know any spells.
Your spell library was empty.

Dungeon Overview and Level Annotations

Branches:
Dungeon (4/15)
 Temple: D:4-7

Altars:
Sif Muna


Innate Abilities, Weirdness & Mutations

You have sharp fingernails.
You sometimes gain a little power by taking damage.
You are immune to rotting.


Message History

The orc priest closely misses you.
The orc priest looks braver for a moment.
The orc hits you with a club.
A jackal comes into view.
The orc priest barely misses you.
You hit the orc priest.
The orc priest is heavily wounded.
You barely miss the orc. The orc misses you. The orc priest closely misses you.
You closely miss the orc priest.
The orc priest is heavily wounded.
You hit the orc but do no damage. The orc closely misses you.
The orc priest calls upon Beogh to heal the orc.
The orc's wounds heal themselves!
You hit the orc priest but do no damage.
The orc priest is heavily wounded.
You hit the orc. The orc hits you with a club.
The orc priest closely misses you.
The orc priest calls down the wrath of Beogh upon you.
Beogh smites you!
You die...

........####### .#
.<...##..# #.#
......##.# ...#.
(........#####.....
#..###............
##.##..#.###
#..##.#..##
........##
#..#..#@# ##.oo#
##.ho ...#h .##..%.
.. #.# #. .. #.. ..
... ... ..


You could see 2 orc priests, an orc and 2 jackals.

Vanquished Creatures
  Terence (D:3)
  3 adders
  An ooze (D:2)
  2 worms
  A dart slug (D:4)
  An orc (D:4)
  5 giant cockroaches
  5 goblins
  4 hobgoblins
  4 jackals (D:2)
  2 quokkas
  2 ball pythons
  7 bats
  5 frilled lizards
  12 kobolds
  13 rats
68 creatures vanquished.

Notes
Turn   | Place    | Note
-------+----------+-------------------------------------------
     0 | D:1      | Chidaruma the Demonspawn Gladiator began the quest for the
                  | Orb.
     0 | D:1      | Reached XP level 1. HP: 16/16 MP: 1/1
   247 | D:1      | Gained mutation: You are immune to rotting. [demonic
                  | ancestry]
   247 | D:1      | Reached XP level 2. HP: 21/22 MP: 2/2
   255 | D:1      | Reached skill level 3 in Axes
  1011 | D:2      | Gained mutation: You have sharp fingernails. [demonic
                  | ancestry]
  1011 | D:2      | Reached XP level 3. HP: 20/28 MP: 3/3
  1457 | D:2      | Found a deep blue altar of Sif Muna.
  1881 | D:2      | Gained mutation: You sometimes gain a little power by
                  | taking damage. [demonic ancestry]
  1881 | D:2      | Reached XP level 4. HP: 34/34 MP: 4/4
  2540 | D:3      | Noticed Terence
  2556 | D:3      | Killed Terence
  2556 | D:3      | Reached skill level 1 in Armour
  2768 | D:3      | Reached skill level 4 in Axes
  2977 | D:4      | Killed from afar by an orc priest

Skill      XL: |  1  2  3  4 |
---------------+-------------+-----
Axes           | 3 4 |  4.0
Dodging        | 3 |  3.2
Armour         | 1 |  1.1
Fighting       | |  2.6
Throwing       | |  1.9
Stealth        | |  0.9

Action                   |  1- 3 |  4- 6 || total
-------------------------+-------+-------++-------
Melee: War axe           |   142 |    67 ||   209
  Use: Potion            |       |     2 ||     2
 Stab: Sleeping          |     3 |       ||     3
  Eat: Chunk             |     3 |     4 ||     7
Armor: Leather armour    |    45 |    32 ||    77
Dodge: Dodged            |   153 |    54 ||   207
